Map: Ascension to Aiur LE

Players

MightyKiwi

  • Race: Zerg Zerg
  • Spawn Location: 11:00

PandaBearMe - Winner!

  • Race: Zerg Zerg
  • Spawn Location: 5:00

Event: WCS Montreal 2017

VOD

Have the link to the VOD?

Description

Time

  • Played on: Sept. 8, 2017, 12:09 p.m.
  • Length: 13:00

All games in this series

Show
View Real Time Build Order
Export as new Build Order

MightyKiwi Zerg 

Build Orders: Pool First, Zergling Baneling 

Get SALT Encoding   

  12  0:00  Drone  
  13  0:12  Overlord  
  13  0:17  Drone  
  14  0:31  Drone x2  
  14  0:35  Drone  
  17  0:44  Extractor  
  17  0:45  Drone  
  17  0:50  Spawning Pool  
  17  0:56  Drone  
  17  1:16  Hatchery  
  16  1:37  Zergling x6  
  16  1:39  Queen  
  19  1:46  Metabolic Boost  
  21  1:54  Overlord  
  22  2:01  Drone  
  22  2:07  Baneling Nest  
  21  2:11  Drone  
  22  2:22  Queen  
  24  2:26  Drone  
  25  2:31  Zergling x2  
  25  2:35  Drone  
  27  2:39  Drone  
  27  2:43  Drone  
  29  2:47  Drone x2  
  31  2:53  Drone  
  32  2:59  Zergling x4  
  32  3:03  Zergling x2  
  35  3:06  Baneling x2  
  35  3:16  Overlord  
  35  3:26  Hatchery  
  35  3:27  Zergling x2  
  35  3:34  Overlord  
  35  3:38  Zergling x2  
  35  3:39  Zergling x4  
  35  3:41  Drone  
  38  3:56  Zergling x8  
  38  3:57  Zergling x4  
  38  3:58  Baneling x2  
  44  4:08  Drone x4  
  45  4:22  Zergling x6  
  45  4:23  Zergling x4  
  44  4:31  Roach Warren  
  44  4:32  Extractor  
  44  4:33  Zergling x2  
  44  4:35  Zergling x2  
  44  4:37  Zergling x2  
  44  4:41  Baneling x5  
  44  4:44  Overlord  
  44  4:47  Drone  
  44  4:50  Drone  
  46  4:53  Drone  
  46  4:54  Drone  
  46  4:56  Drone  
  46  5:10  Drone x6  
  46  5:11  Drone  
  52  5:16  Zergling x4  
  54  5:22  Drone x2  
  55  5:38  Overlord  
  55  5:40  Extractor  
  54  5:47  Overlord  
  54  5:48  Lair  
  54  5:51  Evolution Chamber  
  54  5:56  Hatchery  
  52  6:00  Drone x3  
  52  6:02  Zergling x2  
  52  6:03  Zergling x2  
  57  6:05  Zergling x4  
  59  6:12  Baneling x7  
  59  6:18  Drone  
  59  6:19  Drone x5  
  54  6:48  Roach x6  
  54  6:49  Glial Reconstitution  
  65  6:55  Overlord  
  65  6:56  Overlord x2  
  65  6:59  Zerg Missile Weapons Level 1  
  65  7:11  Roach x4  
  65  7:13  Queen  
  75  7:19  Roach x4  
  83  7:24  Overlord  
  83  7:26  Roach x4  
  83  7:28  Drone x2  
  93  7:30  Overseer  
  93  7:36  Unknown  
  93  7:37  Extractor, Drone  
  93  7:38  Drone  
  93  7:41  Overlord  
  93  7:43  Roach  
  96  7:50  Roach x5  
  105  7:56  Overlord x2  
  105  8:01  Roach x2  
  109  8:07  Roach x2  
  113  8:16  Roach x4  
  121  8:24  Overlord  
  121  8:26  Roach x4  
  129  8:27  Overlord  
  129  8:42  Overlord  
  129  8:45  Roach x4  
  137  8:55  Roach x5  
  146  9:03  Drone  
  146  9:04  Drone x6  
  153  9:14  Overlord  
  153  9:15  Overlord  
  153  9:17  Extractor x2  
  153  9:18  Zerg Missile Weapons Level 2  
  149  9:33  Overlord  
  149  9:35  Drone x2  
  149  9:36  Drone x5  
  149  9:38  Hatchery  
  153  9:44  Ravager x6  
  153  9:45  Overlord  
  159  9:53  Roach  
  159  9:54  Roach x4  
  159  9:55  Overlord  
  159  9:56  Overlord  
  169  10:02  Queen  
  161  10:15  Roach  
  161  10:16  Roach x4  
  161  10:25  Roach  
  161  10:26  Roach x3  
  150  10:41  Drone  
  150  10:42  Drone x4  
  153  10:48  Overseer  
  150  10:54  Roach x2  
  150  10:55  Roach x2  
  158  11:01  Hydralisk Den  
  157  11:08  Roach  
  157  11:09  Roach x2  
  161  11:13  Overseer  
  161  11:14  Overseer  
  161  11:17  Roach  
  161  11:18  Roach x7  
  166  11:22  Drone x3  
  147  11:44  Roach x5  
  147  11:45  Roach x4  
  144  11:58  Roach x6  
  139  12:10  Roach x2  
  140  12:25  Roach x3  
  140  12:26  Roach  
  148  12:36  Roach x3  
Show
View Real Time Build Order
Export as new Build Order

PandaBearMe Zerg - Winner!

Build Orders: Hatch First, Lurkers 

Get SALT Encoding   

  12  0:01  Drone  
  13  0:15  Drone  
  13  0:16  Overlord  
  14  0:35  Drone x2  
  16  0:49  Hatchery  
  15  0:52  Drone  
  15  0:55  Drone  
  17  0:59  Drone  
  17  1:03  Extractor  
  17  1:15  Spawning Pool  
  16  1:19  Drone  
  16  1:21  Drone  
  18  1:30  Drone  
  19  1:41  Overlord  
  19  2:02  Queen, Zergling x6  
  19  2:03  Queen  
  26  2:09  Metabolic Boost  
  26  2:14  Drone  
  27  2:15  Drone  
  28  2:26  Drone  
  29  2:32  Zergling x2  
  29  2:34  Zergling x2  
  31  2:38  Queen  
  31  2:42  Overlord  
  33  2:51  Overlord  
  33  2:57  Drone  
  34  2:59  Drone x2  
  36  3:09  Overlord  
  36  3:11  Zergling x2  
  36  3:12  Zergling x10  
  41  3:26  Baneling Nest  
  40  3:36  Hatchery  
  39  3:42  Drone x2  
  39  3:43  Drone x3  
  39  3:45  Drone  
  40  3:50  Zergling x4  
  40  3:55  Zergling x4  
  43  4:00  Zergling x2  
  43  4:06  Zergling x2  
  43  4:10  Zergling x2  
  43  4:12  Zergling x6  
  47  4:18  Zergling x2  
  46  4:24  Zergling x4  
  46  4:26  Hatchery, Zergling x2  
  46  4:27  Zergling x2  
  48  4:33  Baneling x2  
  48  4:35  Zergling x2  
  48  4:36  Zergling x2  
  48  4:39  Baneling  
  48  4:40  Zergling x2, Baneling  
  49  4:49  Baneling x3, Roach Warren  
  48  4:57  Zergling x4  
  49  5:06  Baneling x2  
  47  5:10  Zergling x4  
  47  5:13  Zergling x2  
  50  5:17  Drone  
  50  5:19  Drone x2, Baneling  
  50  5:20  Overlord  
  50  5:21  Drone x2  
  55  5:27  Overlord  
  55  5:30  Extractor  
  55  5:31  Extractor  
  55  5:32  Drone x2  
  55  5:33  Drone  
  50  5:39  Drone x2  
  52  5:46  Drone  
  52  5:49  Drone  
  53  5:51  Drone  
  53  5:55  Roach  
  56  6:01  Roach  
  56  6:02  Roach  
  56  6:03  Overlord  
  56  6:04  Drone x2  
  62  6:05  Drone, Lair  
  62  6:07  Drone x2  
  62  6:08  Drone  
  62  6:09  Evolution Chamber  
  65  6:15  Drone x2  
  65  6:16  Drone  
  67  6:21  Drone  
  68  6:27  Drone x2  
  68  6:30  Roach x3  
  68  6:31  Overlord  
  76  6:34  Roach x2  
  72  6:40  Overlord  
  72  6:41  Roach  
  71  6:53  Zerg Missile Weapons Level 1  
  71  6:54  Drone  
  71  6:55  Drone x6  
  71  6:57  Drone x2  
  71  7:00  Queen  
  82  7:10  Overlord  
  82  7:11  Drone x5  
  82  7:14  Roach, Extractor x2  
  87  7:16  Roach  
  87  7:17  Overseer  
  87  7:19  Roach  
  91  7:25  Overlord  
  91  7:29  Roach x3  
  99  7:30  Roach  
  99  7:32  Roach  
  99  7:33  Glial Reconstitution  
  101  7:41  Roach x3  
  101  7:42  Roach  
  101  7:43  Roach  
  111  7:45  Unknown  
  111  7:48  Drone  
  111  7:49  Overlord, Drone  
  111  7:50  Drone  
  114  7:58  Roach x3  
  120  8:06  Hatchery  
  119  8:14  Roach x4  
  119  8:17  Roach  
  130  8:21  Overlord  
  130  8:25  Overlord  
  130  8:29  Overlord  
  130  8:31  Overlord  
  130  8:32  Overlord  
  130  8:33  Overlord, Hatchery  
  129  8:36  Extractor  
  129  8:39  Ravager  
  129  8:40  Ravager  
  129  8:41  Ravager x4  
  134  8:44  Roach x6  
  146  8:48  Zerg Missile Weapons Level 2  
  146  8:52  Roach x2  
  146  8:54  Roach x2  
  153  8:56  Roach  
  153  8:58  Roach  
  157  9:06  Roach x4  
  157  9:07  Roach  
  167  9:15  Roach x4  
  175  9:30  Tunneling Claws  
  173  9:31  Burrow  
  173  9:32  Roach x2  
  177  9:42  Overlord x3  
  177  9:47  Roach x3  
  183  10:03  Roach x8  
  183  10:06  Hydralisk Den  
  194  10:11  Roach x2  
  186  10:23  Roach  
  186  10:24  Roach x6, Pneumatized Carapace  
  198  10:33  Roach x2  
  198  10:34  Roach x2  
  197  10:40  Lurker Den  
  195  10:49  Roach x12  
  189  11:04  Roach x5, Hydralisk x2  
  189  11:05  Hydralisk x3  
  199  11:15  Roach x2  
  197  11:18  Roach x3  
  195  11:29  Hydralisk x2  
  195  11:30  Hydralisk  
  183  11:52  Roach  
  167  12:08  Lurker x4  
  167  12:09  Lurker x3  
  167  12:10  Roach x12  
  190  12:17  Lurker  
  190  12:18  Roach x4  
  197  12:23  Roach x2  
  197  12:24  Roach  
  197  12:28  Roach  
  197  12:34  Roach x22  
  197  12:36  Roach  
  199  12:59  Hatchery  
Tags
 
Add a new tag
Caveats
  • Supply blocks, unpowered buildings, or Contaminate may cause inaccurate times.
  • Supply counts are checked every 10 seconds.